 Dungeon Crawl Stone Soup version bcrawl-1.40.3b (webtiles) character file.

Game seed: 9092167085317582928

193958 iceDog the Grasshopper (level 7, -14/56 HPs)
             Began as a Gnoll Warper on Feb 27, 2024.
             Was a Follower of Okawaru.
             Killed from afar by a worker ant (34 damage)
             ... with an exploding inner flame
             ... hexed by the player character
             ... on level 4 of the Dungeon.
             The game lasted 00:13:20 (3397 turns).

iceDog the Grasshopper (Gnoll Warper)               Turns: 3397, Time: 00:13:20

Health: -14/56     AC:  6    Str: 14    XL:     7   Next: 4%
Magic:  15/15      EV: 13    Int: 17    God:    Okawaru [*.....]
Gold:   197        SH:  0    Dex: 14    Spells: 9/16 levels left

rFire    . . .     GDR:     28% s - +0 rapier
rCold    . . .     SeeInvis .   (no shield)
rNeg     . . .     Gourm    .   t - +0 ring mail
rPois    .         Faith    .   p - +0 helmet
rElec    .         Spirit   .   (no cloak)
rCorr    .         Reflect  .   (no gloves)
MR       .....                  (no boots)
Stlth    +.........             (no amulet)
HPRegen  0.19/turn              (no ring)
MPRegen  0.14/turn              (no ring)

@: lethally poisoned (-14 -> -23)
A: distributed training, fangs 1, strong nose
a: Heroism, Renounce Religion


You were on level 4 of the Dungeon.
You worshipped Okawaru.
Okawaru was aware of your devotion.
You were hungry.

You visited 1 branch of the dungeon, and saw 4 of its levels.

You collected 307 gold pieces.
You spent 110 gold pieces at shops.

Inventory:

Hand Weapons
 a - a +0 hand crossbow
 s - a +0 rapier (weapon)
Missiles
 f - 161 bolts
 o - 367 sling bullets
 r - 218 poisoned tomahawks (quivered)
 y - 191 arrows
Armour
 p - a +0 helmet (worn)
 t - a +0 ring mail (worn)
 w - a +0 scale mail
 B - a +0 pair of boots
Wands
 x - a wand of disintegration (16)
Scrolls
 c - a scroll of revelation {unknown}
 g - 2 scrolls of blinking
 i - 2 scrolls of identify
 j - 5 scrolls of teleportation {unknown}
 k - a scroll of amnesia {unknown}
 l - 4 scrolls of remove curse
 m - 2 scrolls of enchant weapon {unknown}
 u - a scroll of enchant armour {unknown}
 A - a scroll of immolation {unknown}
 C - a scroll of noise {unknown}
Potions
 b - a potion of lignification {unknown}
 d - 4 potions of curing
 h - 3 potions of might {unknown}
 n - 3 potions of haste {unknown}
 v - a potion of agility {unknown}
 z - a potion of flight {unknown}
 F - 2 potions of heal wounds
Comestibles
 e - 8 rations {!d}


   Skills:
 + Level 5.1 Fighting
 + Level 2.2 Short Blades
 + Level 2.2 Long Blades
 + Level 2.2 Axes
 + Level 2.2 Maces & Flails
 + Level 2.2 Polearms
 + Level 2.2 Staves
 + Level 2.2 Slings
 + Level 2.2 Bows
 + Level 5.1 Crossbows
 + Level 2.2 Throwing
 + Level 2.2 Armour
 + Level 5.1 Dodging
 + Level 2.2 Stealth
 + Level 2.2 Shields
 + Level 2.2 Unarmed Combat
 + Level 5.4 Spellcasting
 + Level 1.7 Conjurations
 + Level 1.7 Hexes
 + Level 1.7 Charms
 + Level 1.7 Summonings
 + Level 1.7 Necromancy
 + Level 5.7 Translocations
 + Level 1.7 Transmutations
 + Level 1.7 Fire Magic
 + Level 1.7 Ice Magic
 + Level 1.7 Air Magic
 + Level 1.7 Earth Magic
 + Level 1.7 Poison Magic
 + Level 2.4 Invocations
 + Level 2.2 Evocations


You had 9 spell levels left.
You knew the following spells:

 Your Spells              Type           Power        Failure   Level  Hunger
a - Blink Other           Tloc           ###...       2%          1    None
b - Apportation           Tloc           ###...       2%          1    None
c - Blink                 Tloc           N/A          3%          2    None
d - Teleport Other        Tloc           ###.....     8%          3    ##.....

Your spell library contained the following spells:

 Spells                   Type           Power        Failure   Level  Hunger
 Portal Projectile        Tloc           ###...       8%          3    ##.....
 Passage of Golubria      Tloc           N/A          56%         5    ######.


Dungeon Overview and Level Annotations

Branches:
Dungeon (4/12)
 Temple: D:4-7

Altars:
Ashenzari
Dithmenos
Fedhas
Nemelex Xobeh
Okawaru
Trog
Uskayaw

Shops:
D:4 !


Innate Abilities, Weirdness & Mutations

Your experience applies equally to all skills.
You have very sharp teeth.
Your uncanny sense of smell can sniff out nearby items.


Message History

Your worker ant dies!
You hear a grinding noise.
Evoke which item? (* to show all) (? for menu, Esc to quit)
You don't have any such object.
Evoke which item? (* to show all) (? for menu, Esc to quit)
Okay, then.
Evoke which item? (* to show all) (? for menu, Esc to quit)
Aiming: Disintegrate
Press: ? - help, Shift-Dir - straight line, f - worker ant
Aim: a worker ant (chance to defeat MR: 80%) That beam is likely to hit you.
Continue anyway?
The worker ant is blasted!!
The worker ant explodes!
The fiery explosion engulfs the ogre!!!
You kill the ogre!
Okawaru accepts your kill.
You can now gain great but temporary skills.
The fiery explosion engulfs you!!
Ouch! That really hurt!
You die...

._........# ##...#...#####.#
.....#{...# ##.......).##
.....#....# #.........<.#
....#..##.# ##...........#
#.###..##.###............#
.......##≈......≈<......##
######........##§§.#...##
#)...####..#§§.##### ......####
##.§@.## ....### ##.....###
###... #..###...# ####.######.##
###.##
.............######..#######
..........#####.8.<.∩.8....#####
..........####..####...<.......##
.................# ##......###...
.......>..######.####..########''


There were no monsters in sight!

Vanquished Creatures
  A sky beast (D:4)
  An ogre (D:4)
  2 crimson imps
  A hound (D:4)
  A worker ant (D:4)
  A hound skeleton (D:4)
  5 adders (D:3)
  An ooze (D:2)
  4 worms
  3 dart slugs
  5 leopard geckos
  11 orcs
  11 bats
  2 giant cockroaches
  4 goblins
  6 hobgoblins
  7 jackals
  7 kobolds
  A quokka (D:3)
  2 ball pythons
  3 frilled lizards
  4 rats
83 creatures vanquished.

Vanquished Creatures (collateral kills)
  A worker ant (D:4)
1 creature vanquished.

Vanquished Creatures (others)
  A hound (D:4)
  A worker ant (D:4)
2 creatures vanquished.

Grand Total: 86 creatures vanquished

Notes
Turn   | Place    | Note
-------+----------+-------------------------------------------
     0 | D:1      | iceDog the Gnoll Warper began the quest for the Orb.
     0 | D:1      | Reached XP level 1. HP: 20/20 MP: 6/6
   331 | D:1      | Reached XP level 2. HP: 26/26 MP: 7/7
  1076 | D:2      | Reached XP level 3. HP: 31/31 MP: 9/9
  1108 | D:2      | Reached skill level 5 in Spellcasting
  1181 | D:2      | Learned a level 2 spell: Blink
  1185 | D:2      | Learned a level 3 spell: Teleport Other
  1209 | D:2      | Reached skill level 1 in Invocations
  1217 | D:2      | Found a hide-covered altar of Uskayaw.
  1313 | D:2      | Found a shadowy altar of Dithmenos.
  1392 | D:2      | Found a bloodstained altar of Trog.
  1604 | D:2      | Reached skill level 1 in Short Blades
  1604 | D:2      | Reached skill level 1 in Long Blades
  1604 | D:2      | Reached skill level 1 in Axes
  1604 | D:2      | Reached skill level 1 in Maces & Flails
  1604 | D:2      | Reached skill level 1 in Polearms
  1604 | D:2      | Reached skill level 1 in Staves
  1604 | D:2      | Reached skill level 1 in Slings
  1604 | D:2      | Reached skill level 1 in Bows
  1604 | D:2      | Reached skill level 1 in Throwing
  1604 | D:2      | Reached skill level 1 in Armour
  1604 | D:2      | Reached skill level 1 in Stealth
  1604 | D:2      | Reached skill level 1 in Shields
  1604 | D:2      | Reached skill level 1 in Unarmed Combat
  1604 | D:2      | Reached skill level 1 in Evocations
  1735 | D:2      | Reached XP level 4. HP: 38/38 MP: 11/11
  2069 | D:3      | Found a faded altar of an unknown god.
  2139 | D:3      | Found a shattered altar of Ashenzari.
  2209 | D:3      | Reached skill level 1 in Conjurations
  2209 | D:3      | Reached skill level 1 in Hexes
  2209 | D:3      | Reached skill level 1 in Charms
  2209 | D:3      | Reached skill level 1 in Summonings
  2209 | D:3      | Reached skill level 1 in Necromancy
  2209 | D:3      | Reached skill level 1 in Transmutations
  2209 | D:3      | Reached skill level 1 in Fire Magic
  2209 | D:3      | Reached skill level 1 in Ice Magic
  2209 | D:3      | Reached skill level 1 in Air Magic
  2209 | D:3      | Reached skill level 1 in Earth Magic
  2209 | D:3      | Reached skill level 1 in Poison Magic
  2283 | D:3      | Reached XP level 5. HP: 43/43 MP: 12/12
  2724 | D:3      | Found a blossoming altar of Fedhas.
  2724 | D:3      | Found an iron altar of Okawaru.
  2798 | D:3      | Became a worshipper of Warmaster Okawaru
  3056 | D:4      | Reached XP level 6. HP: 16/50 MP: 13/13
  3170 | D:4      | Found Jemosot's Distillery.
  3178 | D:4      | Bought a potion of degeneration for 10 gold pieces
  3178 | D:4      | Bought 2 potions of heal wounds for 100 gold pieces
  3206 | D:4      | Found a sparkling altar of Nemelex Xobeh.
  3328 | D:4      | Found a sparkling altar of Nemelex Xobeh.
  3330 | D:4      | Noticed a sky beast
  3354 | D:4      | Reached skill level 5 in Fighting
  3354 | D:4      | Reached skill level 5 in Crossbows
  3354 | D:4      | Reached skill level 5 in Dodging
  3370 | D:4      | Killed a sky beast
  3394 | D:4      | Reached XP level 7. HP: 29/56 MP: 15/15
  3397 | D:4      | Reached * piety under Okawaru
  3397 | D:4      | Killed from afar by a worker ant

Skill      XL: |  1  2  3  4  5  6 |
---------------+-------------------+-----
Spellcasting   | 5 |  5.4
Invocations    | 1 2 |  2.4
Short Blades   | 1 2 |  2.2
Long Blades    | 1 2 |  2.2
Axes           | 1 2 |  2.2
Maces & Flails | 1 2 |  2.2
Polearms       | 1 2 |  2.2
Staves         | 1 2 |  2.2
Slings         | 1 2 |  2.2
Bows           | 1 2 |  2.2
Throwing       | 1 2 |  2.2
Armour         | 1 2 |  2.2
Stealth        | 1 2 |  2.2
Shields        | 1 2 |  2.2
Unarmed Combat | 1 2 |  2.2
Evocations     | 1 2 |  2.2
Conjurations   | 1 |  1.7
Hexes          | 1 |  1.7
Charms         | 1 |  1.7
Summonings     | 1 |  1.7
Necromancy     | 1 |  1.7
Transmutations | 1 |  1.7
Fire Magic     | 1 |  1.7
Ice Magic      | 1 |  1.7
Air Magic      | 1 |  1.7
Earth Magic    | 1 |  1.7
Poison Magic   | 1 |  1.7
Fighting       | 5 |  5.1
Crossbows      | 5 |  5.1
Dodging        | 5 |  5.1
Translocations | |  5.7

Action                   |  1- 3 |  4- 6 |  7- 9 || total
-------------------------+-------+-------+-------++-------
Melee: Rapier            |    24 |   179 |       ||   203
       Bite              |     2 |    25 |       ||    27
       Punch             |     1 |     1 |       ||     2
 Fire: Hand crossbow     |    68 |    11 |       ||    79
Throw: Tomahawk          |       |     6 |       ||     6
Evoke: Wand              |       |     5 |       ||     5
  Use: Scroll            |       |     3 |       ||     3
       Potion            |       |     1 |       ||     1
 Stab: Sleeping          |       |     1 |       ||     1
  Eat: Chunk             |     5 |    11 |       ||    16
Armor: Robe              |     3 |       |       ||     3
       Ring mail         |    12 |    69 |       ||    81
Dodge: Dodged            |    29 |   176 |       ||   205
